 Dungeon Crawl Stone Soup version 0.30-a0-956-gcec3b41aec (webtiles) character file.

Game seed: 10035608105053926342

5389 DeathPants the Grappler (level 10, -9/100 HPs)
             Began as a Troll Fighter on Mar 29, 2023.
             Was an Initiate of Gozag.
             Mangled by Amaemon
             ... wielding a -2 demon whip of venom
              (12 damage)
             ... on level 9 of the Dungeon.
             The game lasted 00:25:34 (8108 turns).

DeathPants the Grappler (Troll Fighter)             Turns: 8108, Time: 00:25:34

Health: -9/100     AC:  6    Str: 26    XL:     10   Next: 39%
Magic:  9/9        EV: 10    Int:  8    God:    Gozag
Gold:   609        SH: 15    Dex: 15    Spells: 9/9 levels left

rFire   . . .      SeeInvis .      - Unarmed
rCold   . . .      Faith    .    b - +0 kite shield
rNeg    . . .      Spirit   .    s - +2 robe
rPois   .          Reflect  +    (helmet restricted)
rElec   .          Rampage  .    (no cloak)
rCorr   .                        (gloves unavailable)
Will    .....                    (boots unavailable)
Stlth   +                        z - amulet of reflection
HPRegen 1.16/turn                i - +6 ring of dexterity
MPRegen 0.11/turn                E - +4 ring of slaying

@: lethally poisoned (-9 -> -29), invisible
A: large, unfitting armour, claws 3, regeneration 1, shaggy fur 1, tough skin 1
a: Renounce Religion, Potion Petition, Call Merchant, Bribe Branch


You were on level 9 of the Dungeon.
You worshipped Gozag.
Gozag was pleased with you.
You visited 2 branches of the dungeon, and saw 11 of its levels.

You collected 821 gold pieces.
You paid 212 gold pieces to Gozag.

Inventory:

Missiles
 t - 8 boomerangs
 w - 8 poisoned darts
 C - 6 silver javelins
Armour
 b - a +0 kite shield (worn)
 s - a +2 robe (worn)
Jewellery
 d - a +6 ring of intelligence
 i - a +6 ring of dexterity (left claw)
 y - a ring of resist corrosion
 z - an amulet of reflection (around neck)
 A - a +6 ring of dexterity
 D - a ring of poison resistance
 E - a +4 ring of slaying (right claw)
Wands
 B - a wand of flame (5) (quivered)
 G - a wand of roots (10)
Scrolls
 a - 2 scrolls of enchant armour
 c - 3 scrolls of teleportation
 f - a scroll of vulnerability {unknown}
 g - 4 scrolls of enchant weapon
 k - a scroll of magic mapping {unknown}
 m - a scroll of fear
 o - a scroll of blinking
 u - a scroll of silence {unknown}
 x - a scroll of fog {unknown}
 H - a scroll of amnesia {unknown}
Potions
 e - 2 potions of heal wounds
 h - 3 potions of lignification
 j - 4 potions of attraction
 l - 2 potions of cancellation
 n - a potion of mutation
 p - 2 potions of curing
 q - 3 potions of flight
 v - 2 potions of degeneration {unknown}
 F - a potion of ambrosia {unknown}


   Skills:
 + Level 6.7 Fighting
 + Level 4.5 Dodging
 + Level 7.3 Shields
 * Level 10.7 Unarmed Combat


You had 9 spell levels left.
You didn't know any spells.
Your spell library contained the following spells:

 Spells                   Type           Power      Damage    Failure   Level
 Apportation              Tloc           0%         N/A       65%         1
 Freeze                   Ice            0%         1d3       65%         1
 Necrotise                Necr           0%         1d4       65%         1
 Shock                    Conj/Air       0%         1d3       65%         1
 Summon Small Mammal      Summ           0%         N/A       65%         1
 Call Canine Familiar     Summ           0%         N/A       95%         3
 Frozen Ramparts          Ice            0%         1d1       95%         3
 Hailstorm                Conj/Ice       0%         3d3       95%         3
 Ignite Poison            Fire/Tmut/Pois 0%         N/A       95%         3
 Kindle Blastsparks       Fire/Tloc/Air  0%         2d10      95%         3
 Portal Projectile        Hex/Tloc       0%         N/A       95%         3
 Swiftness                Air            0%         N/A       95%         3
 Airstrike                Air            0%         2d(0-16)  100%        4
 Animate Armour           Summ/Erth      0%         N/A       100%        4
 Fulminant Prism          Conj/Hex       0%         3d5       100%        4
 Iskenderun's Mystic Bla  Conj/Tloc      0%         2d3       100%        4
 Leda's Liquefaction      Hex/Erth       0%         N/A       100%        4
 Alistair's Intoxication  Tmut/Pois      0%         N/A       100%        5
 Blade Hands              Tmut           0%         N/A       100%        5
 Freezing Cloud           Conj/Ice/Air   0%         6-21      100%        5
 Lee's Rapid Deconstruct  Erth           0%         3d4*      100%        5
 Iron Shot                Conj/Erth      0%         9d1       100%        6


Dungeon Overview and Level Annotations

Branches:
Dungeon (10/15)            Temple (1/1) D:5             Orc (0/2) D:9
   Lair: D:8-11

Altars:
Ashenzari
Cheibriados
Fedhas
Gozag
Hepliaklqana
Kikubaaqudgha
Makhleb
Nemelex Xobeh
Okawaru
Qazlal
Ru
Sif Muna
Trog
Uskayaw
Xom
Yredelemnul

Annotations:
D:9 Amaemon


Innate Abilities, Weirdness & Mutations

You are too large for most types of armour.
You have claws for hands.
Your natural rate of healing is unusually fast.
You are covered in fur. (AC +1)
You have tough skin. (AC +1)


Message History

Amaemon is severely wounded.
You block the scorpion's attack. The scorpion barely misses you.
Amaemon barely misses you. Amaemon claws you.
* * * LOW HITPOINT WARNING * * *
Amaemon tail-slaps you.
* * * LOW HITPOINT WARNING * * *
You block the scorpion's attack. The scorpion closely misses you.
You feel much better. You block the scorpion's attack.
The scorpion stings you but does no damage.
You block the scorpion's attack. You block Amaemon's attack. Amaemon claws you.
* * * LOW HITPOINT WARNING * * *
You block Amaemon's attack. The scorpion barely misses you.
The scorpion stings you.
* * * LOW HITPOINT WARNING * * *
You are poisoned.
The scorpion poisons you! You block the scorpion's attack.
Amaemon gestures wildly while chanting.
You completely miss Amaemon.
Amaemon is severely wounded.
You feel very sick. You block the scorpion's attack. Amaemon barely misses you.
Amaemon claws you but does no damage. Amaemon barely misses you.
The scorpion stings you.
* * * LOW HITPOINT WARNING * * *
You are more poisoned.
The scorpion poisons you!
You closely miss Amaemon.
Amaemon is severely wounded.
You feel yourself speed up.
You feel very sick. The scorpion closely misses you.
Amaemon hits you with a -2 demon whip of venom!
* * * LOW HITPOINT WARNING * * *
You are more poisoned.
Amaemon closely misses you. You block Amaemon's attack.
The scorpion stings you but does no damage.
You block the scorpion's attack.
Amaemon hits you with a -2 demon whip of venom!
You die...
Your body crumbles into a pile of gold.

#.........#....###########..
#.........#..... +..
#.........#...... #..
#....[....#### ##..
##+######....# #...
+..'...s+ #... #..#...s#
#... ##+#..s6# ##...
#....#@############....
#....#.s#.........#....
+....#.$#..>......#)...
#....#..#.........#))..
##+#....#####..#####'#....
............#..####..##...
............#....#....'...
............+....#....#...
............##'####...#...


You could see Amaemon (unable to see you) and 4 scorpions.

Vanquished Creatures
  A two-headed ogre (D:8)
  An orange demon (D:9)
  A komodo dragon (D:6)
  3 hornets
  Grinder (D:4)
  Sigmund (D:3)
  2 water moccasins
  An orc warrior (D:9)
  A sky beast (D:6)
  A black bear (D:4)
  An ogre (D:7)
  2 centaurs
  A phantom (D:5)
  2 bullfrogs
  A gnoll sergeant (D:7)
  5 scorpions
  4 wights (D:8)
  14 killer bees
  4 howler monkeys
  A crimson imp (D:4)
  3 gnoll boudas
  3 orc priests
  4 hounds
  2 jellies
  Jessica (D:3)
  7 orc wizards
  2 iguanas (D:4)
  Robin (D:3)
  17 gnolls
  6 adders
  A white imp (D:7)
  3 ufetubi
  2 worms
  5 dart slugs
  23 orcs
  7 ball pythons
  5 bats
  13 endoplasms
  7 giant cockroaches
  17 goblins
  12 hobgoblins
  5 jackals (D:4)
  5 kobolds
  6 quokkas
  3 frilled lizards
  9 rats
217 creatures vanquished.

Notes
Turn   | Place    | Note
-------+----------+-------------------------------------------
     0 | D:1      | DeathPants the Troll Fighter began the quest for the Orb.
     0 | D:1      | Reached XP level 1. HP: 22/22 MP: 0/0
    76 | D:1      | Reached XP level 2. HP: 20/29 MP: 1/1
   325 | D:1      | Reached XP level 3. HP: 36/36 MP: 2/2
   399 | D:1      | Reached skill level 3 in Unarmed Combat
   655 | D:1      | You fall into a shaft and drop 1 floor!
  1121 | D:2      | Reached XP level 4. HP: 44/44 MP: 3/3
  1733 | D:3      | Found a stormy altar of Qazlal.
  1737 | D:3      | Found a blossoming altar of Fedhas.
  1799 | D:3      | Found an ancient bone altar of Kikubaaqudgha.
  1874 | D:3      | Noticed Sigmund
  1908 | D:3      | Killed Sigmund
  1909 | D:3      | Reached skill level 4 in Unarmed Combat
  1909 | D:3      | Reached XP level 5. HP: 53/53 MP: 4/4
  1962 | D:3      | Noticed Robin
  1984 | D:3      | Reached XP level 6. HP: 38/57 MP: 5/5
  1984 | D:3      | Killed Robin
  2060 | D:3      | Found a basalt altar of Yredelemnul.
  2251 | D:3      | Noticed Jessica
  2254 | D:3      | Killed Jessica
  2570 | D:4      | Reached skill level 5 in Unarmed Combat
  2592 | D:4      | Found a sparkling altar of Nemelex Xobeh.
  2600 | D:5      | Entered Level 5 of the Dungeon
  2665 | D:4      | Noticed Grinder
  2676 | D:4      | Killed Grinder
  2677 | D:4      | Reached XP level 7. HP: 65/68 MP: 6/6
  2941 | D:5      | Reached skill level 6 in Unarmed Combat
  3461 | D:5      | Reached skill level 5 in Shields
  3461 | D:5      | Reached XP level 8. HP: 55/79 MP: 7/7
  3475 | D:5      | Reached skill level 7 in Unarmed Combat
  3889 | D:4      | Found a burning altar of Makhleb.
  3890 | D:4      | Found a shimmering altar of Xom.
  4153 | D:5      | Found a snail-covered altar of Cheibriados.
  4216 | D:5      | Found a broken altar of Ashenzari.
  4238 | D:5      | Found a bloodstained altar of Trog.
  4304 | D:5      | Found a hazy altar of Hepliaklqana.
  4381 | D:5      | Found a hide-covered altar of Uskayaw.
  4600 | D:5      | Found a sacrificial altar of Ru.
  4682 | D:5      | Found a staircase to the Ecumenical Temple.
  4688 | Temple   | Entered the Ecumenical Temple
  5172 | D:6      | Reached skill level 5 in Fighting
  5252 | D:7      | Reached skill level 8 in Unarmed Combat
  5503 | D:6      | Noticed a komodo dragon
  5510 | D:6      | Killed a komodo dragon
  5696 | D:7      | Reached XP level 9. HP: 88/88 MP: 8/8
  5830 | D:7      | Paralysed by a hornet for 1 turns
  6074 | D:7      | Reached skill level 9 in Unarmed Combat
  6680 | D:9      | Found an opulent altar of Gozag.
  6692 | D:8      | Noticed a two-headed ogre
  6696 | D:8      | Killed a two-headed ogre
  6892 | D:8      | Reached skill level 10 in Unarmed Combat
  7013 | D:8      | Reached XP level 10. HP: 98/98 MP: 9/9
  7318 | D:8      | Paralysed by a hornet for 3 turns
  7573 | D:9      | Became a worshipper of Gozag Ym Sagoz the Greedy
  7745 | D:9      | Found a shimmering blue altar of Sif Muna.
  7874 | D:10     | Entered Level 10 of the Dungeon
  7926 | D:9      | Found a staircase to the Orcish Mines.
  7936 | D:9      | Noticed a two-headed ogre
  7938 | D:9      | Noticed a two-headed ogre
  8081 | D:9      | Noticed Amaemon
  8081 | D:9      | Noticed an orange demon
  8098 | D:9      | HP: 4/100 [poisoned by a scorpion]
  8100 | D:9      | Killed an orange demon
  8108 | D:9      | HP: 3/100 [Amaemon/-2 demon whip of venom (11)]
  8108 | D:9      | Mangled by Amaemon

Illustrated notes

Levels and vault maps discovered:
D:1:      psy_arrival_basics, layout_loops_ring, minmay_misc_feat_square,
          minmay_crystal_water, minmay_vboxes
D:2:      layout_loops_ring, minmay_misc_feat_nine_boxes
D:3:      layout_loops_ring, grunt_temple_overflow_forces_of_nature,
          yredelemnul_altar_generic, lemuel_doored_altar, uniq_robin,
          uniq_jessica, uniq_sigmund
D:4:      layout_basic, grunt_temple_overflow_champion_of_chaos,
          nemelex_xobeh_ov_fountains_minmay, grunt_decor_clamped,
          grunt_decor_mini_mirrors, uniq_grinder
D:5:      layout_basic, old_standard_altar, nicolae_uskayaw_suspiria,
          mainiacjoe_overflow_alcove_1, general_overflow_altar,
          ashenzari_conservatory_becter, mainiacjoe_overflow_six_doors_small,
          temple_green
D:6:      layout_gridville
D:7:      layout_basic
D:8:      layout_basic, st_stairs_3
D:9:      layout_gridville, grunt_dithmenos_shadows,
          mainiacjoe_overflow_24_doors, amcnicky_altar_gilded, david_orc_2,
          uniq_amaemon
D:10:     layout_grid_maze, good_gods_temple_1, vehumet_statue,
          mainiacjoe_overflow_cross_hatched, hellmonk_lair_entry_icy,
          minmay_statue_crystal_thing
Temple:   ebering_the_one_and_only

Skill      XL: |  1  2  3  4  5  6  7  8  9 10 |
---------------+-------------------------------+-----
Shields        | 3 4 5 6 7 |  7.3
Unarmed Combat | 3 4 5 6 8 10 | 10.7
Fighting       | 3 4 5 6 |  6.7
Dodging        | 3 4 |  4.5

Action                     |  1- 3 |  4- 6 |  7- 9 | 10-12 || total
---------------------------+-------+-------+-------+-------++-------
  Melee: Unarmed           |   113 |   119 |   272 |   102 ||   606
  Throw: Boomerang         |       |       |     3 |       ||     3
         Dart              |       |       |     2 |       ||     2
    Use: Scroll            |       |     7 |     7 |     3 ||    17
         Potion            |       |     1 |       |     5 ||     6
   Stab: Sleeping          |     1 |     1 |     3 |       ||     5
         Invisible         |       |       |       |     3 ||     3
         Distracted        |       |       |       |     1 ||     1
 Armour: Robe              |    42 |    29 |    55 |    39 ||   165
  Dodge: Dodged            |    38 |    55 |    80 |    59 ||   232
  Block: Kite shield       |    46 |    72 |   158 |   122 ||   398
         Reflection        |       |       |     1 |     3 ||     4

Table legend: (Time is in decaauts)
 A = Elapsed time spent in this place.
 B = Non-inter-level travel time spent in this place.
 C = Inter-level travel time spent in this place.
 D = Time resting spent in this place.
 E = Time spent auto-exploring this place.
 F = Levels seen in this place.
 G = Mean time per level.
                   A        B        C        D        E       F      G
               +--------+--------+--------+--------+--------+-----+--------+
         Total |   8131 |   7754 |    377 |    349 |   5197 |  11 |  739.2 |
       Dungeon |   8126 |   7749 |    377 |    349 |   5197 |  10 |  812.6 |
        Temple |      5 |      5 |      0 |      0 |      0 |   1 |    5.0 |
               +--------+--------+--------+--------+--------+-----+--------+

Top non-repeatable levels by time:
     D:4: 1732 daAuts
     D:5: 962 daAuts
     D:8: 950 daAuts
     D:1: 925 daAuts
     D:7: 769 daAuts
     D:6: 751 daAuts
     D:2: 737 daAuts
     D:3: 700 daAuts
     D:9: 584 daAuts
    D:10: 11 daAuts
  Temple: 5 daAuts
